 Dungeon Sprint DCSS version 0.25-a0-589-g1e14c549ee (webtiles) character file.

Game seed: 9921795681331533626, levelgen mode: deterministic

712 jt the Blocker (level 7, 0/41 HPs)
             Began as a Gargoyle Fighter on Mar 9, 2020.
             Was an Initiate of Okawaru.
             Slain by a sixfirhy (8 damage)
             ... summoned by a kobold demonologist
             ... while paralysed by a floating eye
             ... in the Dungeon (Sprint I: "Red Sonja").
             The game lasted 00:03:40 (1229 turns).

jt the Blocker (Gargoyle Fighter)                   Turns: 1229, Time: 00:03:41

Health: 0/41       AC: 11    Str: 21    XL:     7   Next: 68%
Magic:  8/8        EV:  2    Int:  9    God:    Okawaru [......]
Gold:   644        SH:  0    Dex:  9    Spells: 6/6 levels left

rFire    . . .     SeeInvis .   a - +0 flail
rCold    . . .     Gourm    .   c - +0 kite shield
rNeg     + . .     Faith    .   b - +0 scale mail
rPois    ∞         Spirit   .   (no helmet)
rElec    +         Reflect  .   (no cloak)
rCorr    .         Harm     .   (no gloves)
MR       .....     NoTele   +   (no boots)
Stlth    ..........             (no amulet)
HPRegen  0.13/turn              (no ring)
MPRegen  0.11/turn              (no ring)

@: paralysed, hasted
A: negative energy resistance 1, electricity resistance, unbreathing,
petrification resistance, rot immunity, AC +4
a: Renounce Religion


You were in the Dungeon.
You worshipped Okawaru.
Okawaru was noncommittal.
You were not hungry.

You visited 1 branch You collected 702 gold pieces.
You spent 58 gold pieces at shops.

Inventory:

Hand Weapons
 a - a +0 flail (weapon)
 d - a +0 dagger of distortion
Missiles
 g - 2 curare-tipped darts
 j - 3 arrows
 m - 13 stones (quivered)
 r - 18 sling bullets
Armour
 b - a +0 scale mail (worn)
 c - a +0 kite shield (worn)
 e - a +2 robe of magic resistance
 n - a +2 leather armour of poison resistance
Wands
 l - a wand of polymorph (11)
Potions
 i - 2 potions of magic
 q - 3 potions of curing
Comestibles
 f - a ration


   Skills:
 - Level 3.2 Fighting
 + Level 11.3 Maces & Flails
 - Level 3.2 Armour
 + Level 12.4 Shields
 + Level 2.5 Evocations


You had 6 spell levels left.
You didn't know any spells.
Your spell library was empty.

Dungeon Overview and Level Annotations

Branches:
Dungeon (1/1)

Altars:
Cheibriados
Dithmenos
Elyvilon
Fedhas
Gozag
Hepliaklqana
Kikubaaqudgha
Makhleb
Nemelex Xobeh
Okawaru
Qazlal
Ru
Sif Muna
Trog
Uskayaw
Vehumet
Wu Jian
Xom
Yredelemnul
Zin
The Shining One
Jiyva
Lugonu

Shops:
D **


Innate Abilities, Weirdness & Mutations

You are resistant to torment.
Your stone body is resilient. (AC +4)
You are immune to poison.
You resist negative energy. (rN+)
You are resistant to electric shocks. (rElec)
You can survive without breathing.
You are immune to petrification.
You are immune to rotting.


Message History

You block the kobold demonologist's attack.
The kobold demonologist hits you but does no damage.
The red devil hits you from afar with a +0 trident!
You sock the kobold demonologist!
The kobold demonologist is almost dead.
You barely miss the kobold demonologist.
The kobold demonologist is almost dead.
The sixfirhy hits you. The sixfirhy shocks you. You resist.
The kobold demonologist looks satisfied for a moment.
The floating eye gazes piercingly through you!
You suddenly lose the ability to move!
The kobold demonologist mumbles some strange words.
The sixfirhy hits you but does no damage.
The sixfirhy hits you. The sixfirhy shocks you. You resist.
The sixfirhy hits you!
* * * LOW HITPOINT WARNING * * *
The sixfirhy shocks you. You resist.
* * * LOW HITPOINT WARNING * * *
The sixfirhy hits you!
You die...

#####################
.)..#..'..#__#.3@KG5#
.#..)..#..'^.'..#K45#
###'#####'#__####555+
##..#...#.#### ####
_####..##[#
____##'#_.+
.∩...'..._#
..__##_.#'#
____###'#.#


You could see 2 kobold demonologists, a sixfirhy, a red devil, a floating eye, 2
iron imps, a quasit and 2 ufetubi.

Vanquished Creatures
  A rime drake (D)
  Sigmund (D)
  A yak (D)
  An ogre (D)
  A jelly (D)
  Ijyb (D)
6 creatures vanquished.

Vanquished Creatures (others)
  A gargoyle (D)
  2 ballistomycete spores (D)
3 creatures vanquished.

Grand Total: 9 creatures vanquished

Notes
Turn   | Place    | Note
-------+----------+-------------------------------------------
     0 | D        | jt the Gargoyle Fighter began the quest for the Orb.
     0 | D        | Reached XP level 1. HP: 14/14 MP: 1/1
     1 | D        | Noticed Ijyb
    11 | D        | Killed Ijyb
    11 | D        | Reached skill level 5 in Shields
    11 | D        | Reached XP level 2. HP: 19/19 MP: 2/2
    11 | D        | Reached XP level 3. HP: 23/23 MP: 3/3
    25 | D        | Noticed an ogre
    30 | D        | Killed an ogre
    30 | D        | Reached skill level 7 in Shields
    30 | D        | Reached XP level 4. HP: 20/28 MP: 4/4
   189 | D        | Noticed Sigmund
   205 | D        | Killed Sigmund
   205 | D        | Reached skill level 10 in Shields
   205 | D        | Reached XP level 5. HP: 14/32 MP: 5/5
   205 | D        | Reached XP level 6. HP: 16/37 MP: 6/6
   376 | D        | Found a shimmering blue altar of Sif Muna.
   377 | D        | Found an ornate altar of the Wu Jian Council.
   378 | D        | Found a radiant altar of Vehumet.
   471 | D        | Noticed Sonja
   473 | D        | Noticed Sonja
   473 | D        | Sonja changed into Sonja the rime drake
   496 | D        | Killed Sonja the rime drake
   496 | D        | Reached skill level 10 in Maces & Flails
   496 | D        | Reached skill level 12 in Shields
   496 | D        | Reached XP level 7. HP: 4/41 MP: 7/7
   531 | D        | Found Coutaar's Assorted Antiques.
   539 | D        | Bought a scroll labeled CUAHISE NATWUN for 29 gold pieces
   539 | D        | Bought a scroll labeled KAOCUA PAPIXURGH for 29 gold pieces
   938 | D        | Found Veyvufee's Assorted Antiques.
   938 | D        | Found an ancient bone altar of Kikubaaqudgha.
   938 | D        | Found a stormy altar of Qazlal.
   938 | D        | Found a blossoming altar of Fedhas.
   938 | D        | Found a bloodstained altar of Trog.
   938 | D        | Found an iron altar of Okawaru.
   938 | D        | Found a glowing golden altar of the Shining One.
   938 | D        | Found a glowing silver altar of Zin.
   938 | D        | Found a white marble altar of Elyvilon.
   938 | D        | Noticed a yak
   944 | D        | Killed a yak
   945 | D        | Found a hazy altar of Hepliaklqana.
   945 | D        | Found a hide-covered altar of Uskayaw.
   945 | D        | Found a basalt altar of Yredelemnul.
   945 | D        | Found an opulent altar of Gozag.
   945 | D        | Found a snail-covered altar of Cheibriados.
   945 | D        | Found a sacrificial altar of Ru.
   945 | D        | Found a shadowy altar of Dithmenos.
   946 | D        | Found a sparkling altar of Nemelex Xobeh.
   951 | D        | Became a worshipper of Warmaster Okawaru
   963 | D        | Found a viscous altar of Jiyva.
   963 | D        | Found a corrupted altar of Lugonu.
   963 | D        | Noticed a slime creature
   964 | D        | Found a burning altar of Makhleb.
   964 | D        | Found a shimmering altar of Xom.
  1026 | D        | Killed a gargoyle
  1208 | D        | Noticed a kobold demonologist
  1209 | D        | Noticed a kobold demonologist
  1216 | D        | Paralysed by a floating eye for 3 turns
  1219 | D        | Noticed a red devil
  1223 | D        | Noticed a sixfirhy
  1228 | D        | Paralysed by a floating eye for 3 turns
  1229 | D        | Slain by a sixfirhy

Levels and vault maps discovered:
D:        dungeon_sprint_1 [red_sonja_temple_1, red_sonja_temple_small_1]

Skill      XL: |  1  2  3  4  5  6  7 |
---------------+----------------------+-----
Maces & Flails | 4 6 9 10 11 | 11.3
Shields        | 5 7 10 12 | 12.4
Evocations     | 2 |  2.5
Fighting       | |  3.2
Armour         | |  3.2

Action                   |  1- 3 |  4- 6 |  7- 9 || total
-------------------------+-------+-------+-------++-------
Melee: Flail             |    13 |    37 |    27 ||    77
Evoke: Wand              |       |     2 |       ||     2
  Use: Potion            |     1 |     4 |     1 ||     6
       Scroll            |       |       |     3 ||     3
  Eat: Ration            |       |       |     1 ||     1
Armor: Skin              |     4 |     9 |       ||    13
       Scale mail        |       |     2 |     6 ||     8
Dodge: Dodged            |       |     1 |     7 ||     8
Block: Kite shield       |     1 |    13 |    11 ||    25

Table legend:
 A = Non-vault XP
 B = Vault XP
 C = Vault XP percentage of total XP
 D = Non-vault monster count
 E = Vault monster count
 F = Vault count percentage of total count
                 A         B        C        D         E       F
            +---------+---------+-------+---------+---------+-------
      Total |       0 |    1018 | 100.0 |       0 |       6 | 100.0
            +---------+---------+-------+---------+---------+-------
          D |       0 |    1018 | 100.0 |       0 |       6 | 100.0
            +---------+---------+-------+---------+---------+-------
